 Dungeon Crawl Stone Soup version 0.22.0 (webtiles) character file.

2569 MTVSty1e the Basher (level 9, 0/57 HPs)
             Began as a Gargoyle Monk on Aug 11, 2018.
             Was an Elder of Okawaru.
             Slain by a komodo dragon (19 damage)
             ... on level 8 of the Dungeon.
             The game lasted 00:10:50 (8733 turns).

MTVSty1e the Basher (Gargoyle Monk)                 Turns: 8733, Time: 00:10:51

Health: 0/57       AC: 15    Str: 17    XL:     9   Next: 57%
Magic:  8/9        EV:  6    Int: 10    God:    Okawaru [****..]
Gold:   422        SH: 14    Dex: 12    Spells: 8/8 levels left

rFire    . . .     SeeInvis +   h - +0 mace (curse)
rCold    . . .     Gourm    .   s - +0 large shield
rNeg     + + .     Faith    .   v - +0 scale mail
rPois    ∞         Spirit   .   (helmet restricted)
rElec    +         Reflect  .   t - +0 cloak
rCorr    .         Harm     .   y - -3 pair of gloves "Cidesule" {rN+ SInv}
MR       .....                  (no boots)
Stlth    +.........             (no amulet)
HPRegen  0.19/turn              (no ring)
MPRegen  0.11/turn              (no ring)

@: no status effects
A: horns 1, icy blue scales 1, dopey 1, negative energy resistance 1,
electricity resistance, unbreathing, petrification resistance, rot immunity, AC
+6
a: Heroism, Renounce Religion


You were on level 8 of the Dungeon.
You worshipped Okawaru.
Okawaru was greatly pleased with you.
You were not hungry.

You visited 1 branch of the dungeon, and saw 8 of its levels.

You collected 422 gold pieces.

Inventory:

Hand Weapons
 g - a +1 whip
 h - a cursed +0 mace (weapon)
Armour
 s - a +0 large shield (worn)
 t - a +0 cloak (worn)
 v - a +0 scale mail (worn)
 w - a +0 helmet
 y - the -3 pair of gloves "Cidesule" (worn) {rN+ SInv}
   (You found it on level 4 of the Dungeon)

   It protects you from negative energy.
   It lets you see invisible.
Jewellery
 x - a +3 ring of strength {unknown}
Wands
 a - a wand of paralysis (17)
 o - a wand of polymorph (13)
 u - a wand of iceblast (19)
Scrolls
 b - 3 scrolls of amnesia
 i - 3 scrolls of identify
 k - 2 scrolls of fear
 l - 2 scrolls of teleportation
 n - 2 scrolls of fog
 C - a scroll of enchant weapon
Potions
 d - 3 potions of heal wounds
 e - 4 potions of agility
 f - 3 potions of haste
 j - a potion of ambrosia {unknown}
 m - a potion of invisibility {unknown}
 p - a potion of magic {unknown}
 q - a potion of might
 r - 3 potions of brilliance
 z - 2 potions of cancellation
 A - a potion of flight {unknown}
 B - 3 potions of curing {unknown}
 D - a potion of mutation
Comestibles
 c - 11 rations


   Skills:
 + Level 7.2 Fighting
 * Level 9.0 Maces & Flails
 + Level 5.5 Armour
 - Level 2.4 Dodging
 - Level 2.1 Stealth
 + Level 5.6 Shields


You had 8 spell levels left.
You didn't know any spells.
Your spell library contained the following spells:

 Spells                   Type           Power        Failure   Level  Hunger
 Confuse                  Hex            #.......     100%        3    ####...
 Confusing Touch          Hex            #.....       100%        1    ##.....
 Metabolic Englaciation   Hex/Ice        #.........   100%        5    ######.
 Petrify                  Tmut/Erth      #.......     100%        4    #####..
 Gell's Gravitas          Tloc           #.........   100%        3    ####...
 Yara's Violent Unravell  Hex/Tmut       #.........   100%        5    ######.


Dungeon Overview and Level Annotations

Branches:
Dungeon (8/15)             Temple (0/1) D:7            Lair (0/6) D:8

Altars:
Makhleb
Okawaru
Ru
Xom

Shops:
D:8 %[(


Innate Abilities, Weirdness & Mutations

You are resistant to torment.
Your stone body is resilient. (AC +6)
You are immune to poison.
You resist negative energy. (rN+)
You are resistant to electric shocks. (rElec)
You can survive without breathing.
You are immune to petrification.
You are immune to rotting.
You have a pair of small horns on your head.
You are partially covered in icy blue scales. (AC +2)
You are dopey. (Int -2)


Message History

The komodo dragon bites you but does no damage.
You hit the komodo dragon but do no damage.
The komodo dragon is severely wounded.
The komodo dragon bites you!
You hit the komodo dragon but do no damage.
The komodo dragon is severely wounded.
The komodo dragon bites you but does no damage.
You hit the komodo dragon but do no damage.
The komodo dragon is severely wounded.
The komodo dragon bites you.
You barely miss the komodo dragon. Your headbutt misses the komodo dragon.
The komodo dragon is severely wounded.
You block the komodo dragon's attack.
You closely miss the komodo dragon. You headbutt the komodo dragon.
The komodo dragon is severely wounded.
The komodo dragon bites you but does no damage.
Your shield and scale mail prevent you from hitting the komodo dragon.
The komodo dragon is severely wounded.
The komodo dragon bites you!!
You die...

##.###.# #.#....PPP...PPP
.......######.#.......PPPPPP
....(....#......#...[..PPP.P
.......#.#.##.####...P..P..#
.####..#.#.##.# ###l....##
.# #(.#.#.##.# #..##.#.# .#
#)(#....#.# #...#...# .#
#..#....#.#####..###.#
.####..)....#...@l.......#
...............####..#####
...............# #..#
.....#.........# #..#
.#...####....### #..#
.............## #..#
##............#####..#
#...###.............#
##...####.....########


You could see a komodo dragon.

Vanquished Creatures
  A hippogriff (D:8)
  2 ice beasts (D:5)
  A black bear (D:7)
  2 necrophages
  3 ogres
  A phantom (D:6)
  2 centaurs
  A bullfrog (D:8)
  A big kobold (D:8)
  A gnoll sergeant (D:6)
  3 scorpions
  4 howler monkeys
  A crimson imp (D:6)
  2 bullfrog zombies
  A centaur zombie (D:8)
  4 hounds
  4 orc priests
  A centaur skeleton (D:4)
  2 iguanas
  6 orc wizards
  3 worker ants
  A killer bee zombie (D:7)
  A worker ant zombie (D:8)
  Robin (D:3)
  4 gnolls (D:6)
  9 adders
  A shadow imp (D:5)
  3 oozes
  2 worms
  A dart slug (D:1)
  5 leopard geckos
  15 orcs
  7 bats
  4 giant cockroaches
  6 hobgoblins
  5 jackals
  16 kobolds
  2 quokkas
  A ball python (D:1)
  3 frilled lizards
  19 goblins
  A leopard gecko skeleton (D:5)
  4 rats
157 creatures vanquished.

Vanquished Creatures (others)
  4 plants (D:8)
4 creatures vanquished.

Grand Total: 161 creatures vanquished

Notes
Turn   | Place    | Note
-------+----------+-------------------------------------------
     0 | D:1      | MTVSty1e the Gargoyle Monk began the quest for the Orb.
     0 | D:1      | Reached XP level 1. HP: 14/14 MP: 1/1
    99 | D:1      | Reached XP level 2. HP: 19/19 MP: 2/2
   586 | D:1      | Reached XP level 3. HP: 15/24 MP: 3/3
  1155 | D:2      | Reached skill level 4 in Maces & Flails
  1500 | D:2      | Reached XP level 4. HP: 29/29 MP: 4/4
  1984 | D:3      | Found an iron altar of Okawaru.
  1991 | D:3      | Became a worshipper of Warmaster Okawaru
  1991 | D:3      | Reached * piety under Okawaru
  1991 | D:3      | Reached ** piety under Okawaru
  2228 | D:3      | Noticed Robin
  2252 | D:3      | Killed Robin
  2280 | D:3      | Reached XP level 5. HP: 24/33 MP: 5/5
  2935 | D:4      | Reached skill level 5 in Maces & Flails
  2935 | D:4      | Reached skill level 1 in Armour
  2935 | D:4      | Reached skill level 1 in Shields
  3151 | D:4      | Got a pair of ancient gloves
  3157 | D:4      | Identified the -3 pair of gloves "Cidesule" {rN+ SInv} (You found it on level 4 of the Dungeon)
  3287 | D:4      | Reached XP level 6. HP: 38/39 MP: 6/6
  3884 | D:4      | Reached skill level 5 in Fighting
  4176 | D:5      | Entered Level 5 of the Dungeon
  4282 | D:5      | Noticed an ice beast
  4292 | D:5      | Reached XP level 7. HP: 41/44 MP: 7/7
  4302 | D:5      | Reached skill level 6 in Maces & Flails
  4442 | D:5      | Reached *** piety under Okawaru
  4773 | D:5      | Reached XP level 8. HP: 47/51 MP: 8/8
  5080 | D:5      | Found a shimmering altar of Xom.
  5080 | D:5      | Found a faded altar of an unknown god.
  5087 | D:5      | Found a faded altar of an unknown god.
  5089 | D:5      | Found a sacrificial altar of Ru.
  5090 | D:5      | Found a burning altar of Makhleb.
  5197 | D:5      | Reached skill level 7 in Maces & Flails
  5791 | D:5      | Gained mutation: You have a pair of small antennae on your head. [potion of mutation]
  5791 | D:5      | Gained mutation: You have a pair of antennae on your head. [potion of mutation]
  5791 | D:5      | Gained mutation: Your flesh is heat resistant. (rF+) [potion of mutation]
  5792 | D:5      | Lost mutation: Your flesh is heat resistant. (rF+) [potion of mutation]
  5792 | D:5      | Lost mutation: You have a pair of antennae on your head. [potion of mutation]
  5792 | D:5      | Lost mutation: You have a pair of small antennae on your head. [potion of mutation]
  5792 | D:5      | Gained mutation: You passively map a small area around you. [potion of mutation]
  5792 | D:5      | Gained mutation: You are partially covered in large bone plates. (SH +4) [potion of mutation]
  6380 | D:6      | Reached **** piety under Okawaru
  6866 | D:6      | Lost mutation: You passively map a small area around you. [potion of mutation]
  6866 | D:6      | Lost mutation: You are partially covered in large bone plates. (SH +4) [potion of mutation]
  6866 | D:6      | Gained mutation: You are dopey. (Int -2) [potion of mutation]
  6866 | D:6      | Gained mutation: You have a pair of small horns on your head. [potion of mutation]
  6866 | D:6      | Gained mutation: You are partially covered in icy blue scales. (AC +2) [potion of mutation]
  6909 | D:7      | You fall through a shaft!
  6941 | D:8      | Reached skill level 8 in Maces & Flails
  6941 | D:8      | Reached XP level 9. HP: 32/56 MP: 6/9
  7219 | D:8      | Reached skill level 5 in Shields
  7387 | D:7      | Found a staircase to the Ecumenical Temple.
  7423 | D:7      | Reached skill level 5 in Armour
  8015 | D:8      | Found Foalebio's Weapon Shoppe.
  8118 | D:8      | Found Boji's Armour Shoppe.
  8486 | D:8      | Found a staircase to the Lair.
  8494 | D:8      | Noticed a komodo dragon
  8553 | D:8      | Reached skill level 9 in Maces & Flails
  8565 | D:8      | Found Maumue's Food Shoppe.
  8733 | D:8      | Slain by a komodo dragon

Skill      XL: |  1  2  3  4  5  6  7  8  9 |
---------------+----------------------------+-----
Maces & Flails | 4 5 6 8 9 |  9.0
Fighting       | 4 5 6 7 |  7.2
Armour         | 1 2 3 4 5 |  5.5
Shields        | 1 2 3 4 5 |  5.6
Dodging        | |  2.4
Stealth        | |  2.1

Action                   |  1- 3 |  4- 6 |  7- 9 || total
-------------------------+-------+-------+-------++-------
Melee: Mace              |   101 |   237 |   549 ||   887
       Whip              |    47 |       |       ||    47
       Headbutt          |       |       |    38 ||    38
Invok: Heroism           |       |     1 |     6 ||     7
  Use: Scroll            |     3 |     5 |     7 ||    15
       Potion            |       |     2 |     4 ||     6
 Stab: Sleeping          |     1 |     1 |       ||     2
  Eat: Ration            |     1 |     2 |     3 ||     6
       Chunk             |       |     2 |     4 ||     6
Armor: Robe              |    59 |    87 |       ||   146
       Scale mail        |       |    50 |   205 ||   255
Dodge: Dodged            |   102 |   102 |   116 ||   320
Block: Large shield      |       |   137 |   435 ||   572
